Map: Oiseau de foudre EC

Players

zuka

  • Race: Protoss Protoss
  • League: Master
  • Spawn Location: 11:00

IA (très facile) - Winner!

  • Race: Zerg Zerg
  • Spawn Location: 5:00

VOD

Have the link to the VOD?

Description

Time

  • Played on: Oct. 18, 2019, 11:29 a.m.
  • Length: 3:45
Show
View Real Time Build Order
Export as new Build Order

zuka Protoss 

Build Orders:  

Get SALT Encoding   

  12  0:01  Probe  
  13  0:13  Probe  
  14  0:20  Pylon  
  14  0:25  Probe (Chrono Boost)  
  15  0:40  Probe (Chrono Boost)  
  15  0:42  Gateway  
  16  0:45  Probe (Chrono Boost)  
  16  0:48  Assimilator  
  17  0:55  Probe  
  18  0:57  Assimilator  
  18  1:07  Probe  
  19  1:18  Gateway  
  19  1:19  Probe  
  20  1:29  Cybernetics Core  
  20  1:31  Probe  
  21  1:40  Pylon  
  21  1:43  Probe  
  21  1:55  Probe  
  22  2:03  Adept x2 (Chrono Boost)  
  26  2:27  Nexus  
  26  2:33  Adept  
  28  2:42  Stargate  
  28  2:45  Probe  
  29  2:51  Pylon  
  29  2:57  Probe  
  30  3:12  Probe  
  27  3:24  Probe (Chrono Boost)  
  34  3:35  Probe (Chrono Boost)  
Show
View Real Time Build Order
Export as new Build Order

IA (très facile) Zerg - Winner!

Build Orders: Pool Only 

Get SALT Encoding   

  12  0:01  Drone  
  13  0:12  Overlord  
  13  0:16  Drone  
  14  0:35  Spawning Pool  
  14  0:37  Extractor  
  14  0:39  Drone  
  13  0:47  Drone  
  14  0:51  Overlord  
  14  1:22  Queen  
  14  1:23  Zergling x2  
  17  1:32  Roach Warren  
  16  1:34  Extractor  
  16  1:37  Drone  
  16  1:44  Drone, Zergling x2  
  18  1:58  Drone  
  19  2:04  Zergling x2  
  20  2:09  Drone  
  21  2:20  Drone  
  22  2:29  Drone  
  23  2:30  Overlord  
  23  2:36  Drone  
  24  2:43  Drone  
  25  3:07  Drone  
  22  3:14  Drone  
  21  3:22  Drone  
  22  3:29  Drone  
Tags
 
League
Master
Matchup
PvZ
Opening
Pool Only
Spawn Locations
Cross Positions
Add a new tag
Caveats
  • Supply blocks, unpowered buildings, or Contaminate may cause inaccurate times.
  • Supply counts are checked every 10 seconds.